 Dungeon Crawl Stone Soup version 0.27.0-1-g7a089689b8 (webtiles) character file.

Game seed: 8423799627328672876

60 VictoriousLee the Gusty (level 4, 0/24 HPs)
             Began as a Tengu Air Elementalist on Aug 9, 2021.
             Slain by Sigmund (11 damage)
             ... on level 2 of the Dungeon on Aug 10, 2021.
             The game lasted 00:09:05 (1414 turns).

VictoriousLee the Gusty (Tengu Air Elementalist)    Turns: 1414, Time: 00:09:06

Health: 0/24       AC:  6    Str:  6 (8)  XL:     4   Next: 4%
Magic:  9/9        EV: 12    Int: 16 (17) God:
Gold:   47         SH:  0    Dex: 11 (14) Spells: 6/9 levels left

rFire    . . .     SeeInvis .   g - +0 whip
rCold    . . .     Faith    .   (no shield)
rNeg     . . .     Spirit   .   a - +0 robe
rPois    .         Reflect  .   (helmet restricted)
rElec    .         Harm     .   (no cloak)
rCorr    .         Rampage  .   (no gloves)
Will     .....                  (boots unavailable)
Stlth    ++........             (no amulet)
HPRegen  0.08/turn              m - +4 ring of protection
MPRegen  0.11/turn              (no ring)

@: no status effects
A: beak, talons 3
a: no special abilities


You were on level 2 of the Dungeon.
You visited 1 branch of the dungeon, and saw 2 of its levels.

You collected 47 gold pieces.

Inventory:

Hand Weapons
 g - a +0 whip (weapon)
Missiles
 d - 66 stones
Armour
 a - a +0 robe (worn)
 j - a +0 chain mail
 k - a +0 ring mail
 p - a +0 kite shield
Jewellery
 m - a +4 ring of protection (left hand)
Scrolls
 b - a scroll of enchant armour {unknown}
 e - 2 scrolls of immolation
 f - a scroll of acquirement {unknown}
 h - 2 scrolls of brand weapon {unknown}
 i - a scroll of enchant weapon {unknown}
 o - a scroll of amnesia {unknown}
Potions
 c - 2 potions of degeneration
 l - a potion of heal wounds {unknown}
 n - a potion of ambrosia


   Skills:
 - Level 2.1 Dodging
 - Level 2.0 Stealth
 - Level 3.0 Spellcasting
 + Level 3.8 Conjurations
 - Level 4.0 Air Magic


You had 6 spell levels left.
You knew the following spells:

 Your Spells              Type           Power      Damage    Failure   Level
a - Shock                 Conj/Air       60%        1d6       3%          1
d - Static Discharge      Conj/Air       15%        N/A       5%          2

Your spell library contained the following spells:

 Spells                   Type           Power      Damage    Failure   Level
 Swiftness                Air            15%        N/A       11%         3
 Airstrike                Air            7%         N/A       34%         4


Dungeon Overview and Level Annotations

Branches:
Dungeon (2/15)

Altars:

Shops:
D:2 =

Annotations:
D:2 Sigmund


Innate Abilities, Weirdness & Mutations

You have a beak for a mouth.
You have claws for feet.


Message History

The jackal barely misses you. The jackal closely misses you.
The jackal barely misses you.
There is an entrance to Oguunuer's Jewellery Shop here.
The jackal bites you.
A magic dart appears from out of thin air!
The magic dart hits you. The jackal closely misses you.
The jackal barely misses you.
You are confused.
The jackal bites you. The jackal bites you.
Sorry, you're not good enough to have a special ability.
m - a +4 ring of protection (left hand) It was a potion of degeneration.
There was something very wrong with that liquid.
You feel weakened.
You feel dopey.
You feel clumsy. The jackal closely misses you. x2
It was a potion of ambrosia.
You are more confused.
You feel invigorated. The jackal barely misses you.
The jackal barely misses you.
The jackal bites you but does no damage.
You're too confused to cast spells.
Sorry, you're not good enough to have a special ability.
Something hits you! The jackal closely misses you.
The jackal closely misses you. Something hits you!
The jackal closely misses you.
You feel less invigorated. The jackal bites you.
Something hits you but does no damage. The jackal barely misses you.
You're too confused to move!
Something hits you but does no damage. The jackal bites you.
The jackal bites you.
You hear some strange, mumbled words.
A puff of flame appears from out of thin air!
The puff of flame hits you.
The jackal bites you but does no damage.
You feel less confused. Something hits you but does no damage.
The jackal closely misses you.
There is a stone staircase leading up here.
The jackal completely misses you. Something hits you!
You die...

..#.. ##.#...#...## ..#....
##....#.##...#
..#....####..#..#.##.#..
.......................###
.....#......##..........#
......#......#...........###
................#...........#
..............................
..............@..#...........#.
..............h....#....>...###
#............{...#..÷.......##.
#................#..........##.
#...........................#..
#...............#.#.#.####....
#............###.#.#.####....
#####..#....##.......#......#....
......#†...###.......###.........


You could see a jackal.

Vanquished Creatures
  A gnoll (D:1)
  An adder (D:2)
  A dart slug (D:1)
  A ball python (D:1)
  4 bats
  6 endoplasms
  3 giant cockroaches
  A goblin (D:2)
  A hobgoblin (D:2)
  5 jackals
  A quokka (D:2)
  3 frilled lizards (D:1)
  4 kobolds (D:1)
  2 rats (D:1)
34 creatures vanquished.

Notes
Turn   | Place    | Note
-------+----------+-------------------------------------------
     0 | D:1      | VictoriousLee the Tengu Air Elementalist began the quest
                  | for the Orb.
     0 | D:1      | Reached XP level 1. HP: 10/10 MP: 4/4
    23 | D:1      | Found a faded altar of an unknown god.
   290 | D:1      | Reached XP level 2. HP: 15/15 MP: 4/6
   293 | D:1      | Learned a level 2 spell: Static Discharge
   732 | D:1      | Reached XP level 3. HP: 19/19 MP: 4/8
  1168 | D:2      | Found Oguunuer's Jewellery Shop.
  1195 | D:2      | Reached XP level 4. HP: 24/24 MP: 2/9
  1212 | D:2      | Noticed Sigmund
  1414 | D:2      | Slain by Sigmund

Illustrated notes

Levels and vault maps discovered:
D:1:      wander_arrival_fairy_ring, layout_basic,
          hellmonk_ecumenical_altar_blasted
D:2:      layout_rooms, serial_shops, shop, kennysheep_minor_cross, uniq_sigmund

Skill      XL: |  1  2  3 |
---------------+----------+-----
Spellcasting   | 3 |  3.0
Conjurations   | 2 3 |  3.8
Dodging        | |  2.1
Stealth        | |  2.0
Air Magic      | |  4.0

Action                   |  1- 3 |  4- 6 || total
-------------------------+-------+-------++-------
Melee: Whip              |     4 |       ||     4
       Kick              |     1 |       ||     1
 Cast: Shock             |    54 |     7 ||    61
  Use: Potion            |       |     2 ||     2
Armor: Robe              |     6 |     6 ||    12
Dodge: Dodged            |    16 |    19 ||    35
